AoeStats
← DS_Kvothe

Arabia

510424259Analyzed
1v1 RM · 1d ago on Sep 30, 2026· 66m 27s· 2 players
Game mode
Random Map
Map size
Tiny (2 player)
Population
200
Speed
Normal
Resources
Standard
Victory
Conquest
Starting age
Dark Age
Ending age
Imperial Age
RankedLock teamsTeams togetherTeam positionsShared explorationLock speedFull tech treeHidden civsTurbo modeCheats
Victory
Defeat
🇺🇸 Bulgarians · United States
1630
+27
🇦🇷 Koreans · Argentina
1934
-27
DS_Kvothe
6:34 Loom
8:54 Feudal Age
9:57 Double-Bit Axe
9:53 Horse Collar
17:29 Fletching
23:03 Castle Age
21:41 Gold Mining
24:45 Bow Saw
24:36 Heavy Plow
24:39 Bodkin Arrow
26:55 Wheelbarrow
30:52 Squires
30:54 Husbandry
33:57 Ballistics
34:08 Town Watch
38:20 Pikeman
39:01 Squires
39:54 Hand Cart
40:24 Thumb Ring
44:29 Imperial Age
42:08 Scale Mail Armor
42:18 Forging
42:40 Masonry
43:14 Chain Mail Armor
42:55 Man-at-Arms
44:36 Elite Fire Lancer
45:17 Halberdier
47:58 Chemistry
Dionysus
6:36 Loom
9:17 Feudal Age
15:54 Fletching
16:11 Scale Mail Armor
16:46 Arson
17:27 Forging
21:15 Castle Age
20:59 Scale Barding Armor
21:02 Gold Mining
21:25 Double-Bit Axe
23:54 Bloodlines
23:45 Husbandry
28:50 Chain Barding Armor
29:52 Wheelbarrow
31:05 Iron Casting
30:14 Horse Collar
34:30 Bow Saw
34:50 Hand Cart
37:35 Gold Shaft Mining
40:26 Imperial Age
38:21 Heavy Plow
37:52 Light Cavalry
38:44 Bodkin Arrow
38:39 Town Watch
39:22 Stirrups
40:31 Cavalier
43:14 Plate Barding Armor
45:30 Blast Furnace
44:36 Stone Mining
46:31 Conscription
46:06 Hussar
47:43 Gambesons
47:58 Squires
48:45 Chain Mail Armor
50:21 Plate Mail Armor
52:31 Bracer
62:24 Elite Konnik
Connection lost

Rejoining the realm…

Still unreachable

The connection could not be restored.

Session expired

The server has moved on; the page needs a fresh start.